 Dungeon Sprint DCSS version 0.20-a0-556-g892c87b (webtiles) character file.

2858 Kidiri the Thaumaturge (level 9, 0/54 HPs)
             Began as a Deep Elf Fire Elementalist on Feb 4, 2017.
             Was the Champion of Vehumet.
             Slain by Jutammoepu the pandemonium lord (1 damage)
             ... in the Dungeon (Sprint V: "Ziggurat Sprint").
             The game lasted 00:05:31 (857 turns).

Kidiri the Thaumaturge (Deep Elf Fire Elementalist)  Turns: 857, Time: 00:05:33

Health: 0/54       AC:  4    Str:  5    XL:     9   Next: 47%
Magic:  32/35      EV: 18    Int: 42    God:    Vehumet [******]
Gold:   0          SH:  0    Dex: 15    Spells: 10/36 levels left

rFire    . . .     SeeInvis .   m - +6 Majin-Bo {vamp, Archmagi MP+6 Int+6}
rCold    . . .     Gourm    .   J - +2 robe {rN+}
rNeg     + . .     Faith    .   (shield currently unavailable)
rPois    .         Spirit   .   (no helmet)
rElec    .         Reflect  .   (no cloak)
rCorr    .         Harm     .   (no gloves)
MR       .....     NoTele   +   (no boots)
Stlth    ++........             (no amulet)
Regen    0.2/turn               B - +6 ring of intelligence
                                A - +6 ring of intelligence

@: slowed, very slow
A: no striking features
a: Renounce Religion


You were in the Dungeon.
You worshipped Vehumet.
Vehumet was exalted by your worship.
You were not hungry.

You visited 1 branch

Inventory:

Hand Weapons
 m - the +6 Majin-Bo (weapon) {vamp, Archmagi MP+6 Int+6}
   (You found it in the Dungeon)

   It inflicts no extra harm, but heals its wielder when it wounds a living foe.
   It affects your intelligence (+6).
   It affects your magic capacity (+6).
Armour
 J - a +2 robe of positive energy (worn)
Jewellery
 a - an uncursed ring of positive energy
 y - a +6 ring of dexterity
 z - a +6 ring of dexterity
 A - a +6 ring of intelligence (left hand)
 B - a +6 ring of intelligence (right hand)
 C - a +6 ring of strength
 D - a +6 ring of strength
 I - an uncursed ring of protection from fire
 K - an uncursed ring of ice
 L - the ring of Icumm {rElec rN+}
   (You found it in the Dungeon)

   [ring of positive energy]

   It insulates you from electricity.
   It protects you from negative energy.
Wands
 E - a wand of disintegration (7/24)
 F - a wand of iceblast (2/15)
 G - a wand of lightning (5/15)
 H - a wand of acid (2/15)
Scrolls
 i - 4 scrolls of blinking
 p - 4 scrolls of amnesia
 q - 3 scrolls of recharging
 r - 7 scrolls of fog
 s - a scroll of holy word
 t - 5 scrolls of identify
 u - 5 scrolls of remove curse
 v - 2 scrolls of fear
Potions
 d - 10 potions of curing
 e - 8 potions of heal wounds
 f - 6 potions of haste
 g - 7 potions of magic
 h - 3 potions of berserk rage
 j - 2 potions of brilliance
 k - 2 potions of invisibility
 l - 4 potions of resistance
 n - 5 potions of agility
 o - 5 potions of might
Books
 b - a book of Flames

   Spells                             Type                      Level
   a - Flame Tongue                   Conjuration/Fire             1
   b - Throw Flame                    Conjuration/Fire             2
   c - Conjure Flame                  Conjuration/Fire             3
   d - Inner Flame                    Hexes/Fire                   3
   e - Sticky Flame                   Conjuration/Fire             4
   f - Fireball                       Conjuration/Fire             5
Comestibles
 c - 5 bread rations
 w - 34 fruits
 x - 4 meat rations
 M - 3 royal jellies


   Skills:
 + Level 5.6 Fighting
 + Level 6.8 Staves
 + Level 5.7 Armour
 + Level 8.7 Dodging
 - Level 2.4 Stealth
 * Level 14.1 Spellcasting
 + Level 8.6 Conjurations
 + Level 9.4 Fire Magic
 + Level 4.9 Air Magic
 + Level 6.0 Poison Magic


You had 10 spell levels left.
You knew the following spells:

 Your Spells              Type           Power        Failure   Level  Hunger
a - Flame Tongue          Conj/Fire      #####        1%          1    None
b - Throw Flame           Conj/Fire      ######       1%          2    None
c - Conjure Flame         Conj/Fire      ########     1%          3    None
d - Inner Flame           Hex/Fire       #######.     1%          3    None
e - Ignite Poison         Fire/Tmut/Pois #######.     1%          3    None
f - Sticky Flame          Conj/Fire      ########     1%          4    None
g - Fireball              Conj/Fire      ########..   1%          5    None
h - Airstrike             Air            #######...   1%          4    None
i - Sting                 Conj/Pois      ####         1%          1    None


Dungeon Overview and Level Annotations

Branches:
Dungeon (1/1)

Altars:
Ashenzari
Cheibriados
Dithmenos
Elyvilon
Fedhas
Gozag
Hepliaklqana
Kikubaaqudgha
Makhleb
Nemelex Xobeh
Okawaru
Qazlal
Ru
Sif Muna
Trog
Uskayaw
Vehumet
Xom
Yredelemnul
Zin
The Shining One
Beogh
Jiyva
Lugonu


Message History

Aiming: Corrosive Bolt
Press: ? - help, Shift-Dir - straight line, f/p - Hoacuf
Aim: Hoacuf (lightly wounded)
The bolt of acid misses the sixfirhy.
The bolt of acid hits Jutammoepu.
Jutammoepu is splashed with acid.
The acid corrodes Jutammoepu!
Jutammoepu is lightly wounded.
The bolt of acid hits Hoacuf.
Hoacuf is splashed with acid.
The acid corrodes Hoacuf!
Hoacuf is lightly wounded.
This wand has 2 charges left.
The freezing wraith hits you. The freezing wraith freezes you!
The freezing wraith hits you. The wraith closely misses you.
You feel much better. The freezing wraith hits you.
The freezing wraith freezes you!! The freezing wraith hits you!
* * * LOW HITPOINT WARNING * * *
The freezing wraith drains your vigour!
You feel yourself slow down. Jutammoepu hits you!
* * * LOW HITPOINT WARNING * * *
You writhe in agony.
You die...

▓..8©8..▓
▓..)}=!...▓..:)}..▓
▓...|[:...▓..()...▓
▓.........▓...)...▓
▓....5....▓.......▓
▓..5.3....▓.......▓
▓....&4...▓...)...▓
▓.▓.W&W.▓.▓.▓...▓.▓
▓....@....▓...(...▓
▓▓▓▓▓▓▓▓▓▓▓▓▓▓▓▓▓▓▓
▓..8©8..▓ ▓..)|...▓
▓..}}}..▓ ▓...)...▓
▓.......▓ ▓.......▓
▓.......▓


You could see Hoacuf, Jutammoepu, a freezing wraith, a sixfirhy, a wraith, a red
devil, a white imp and a shadow imp.

Vanquished Creatures
  A cyclops (D)
  2 polar bears (D)
  4 merfolk (D)
  A yak (D)
  2 hell hounds (D)
  2 porcupines (D)
  An ice beast (D)
  A phantom (D)
  2 necrophages (D)
  A wolf (D)
  A centaur (D)
  A bullfrog (D)
  A wight (D)
  2 crimson imps (D)
  A white imp (D)
  An ufetubus (D)
  An adder simulacrum (D)
  A bat skeleton (D)
  A bat zombie (D)
  3 jackals (D)
  A giant cockroach zombie (D)
31 creatures vanquished.

Notes
Turn   | Place    | Note
-------+----------+-------------------------------------------
     0 | D        | Kidiri the Deep Elf Fire Elementalist began the quest for the Orb.
     0 | D        | Reached XP level 1. HP: 10/10 MP: 6/6
     0 | D        | Found a deep blue altar of Sif Muna.
     0 | D        | Found a sacrificial altar of Ru.
     0 | D        | Found a bloodstained altar of Trog.
     0 | D        | Found a stormy altar of Qazlal.
     0 | D        | Found an iron altar of Okawaru.
     0 | D        | Found a sparkling altar of Nemelex Xobeh.
     0 | D        | Found a blossoming altar of Fedhas.
     2 | D        | Found an ancient bone altar of Kikubaaqudgha.
     2 | D        | Found a viscous altar of Jiyva.
     2 | D        | Found a corrupted altar of Lugonu.
     2 | D        | Found a hazy altar of Hepliaklqana.
     2 | D        | Found a burning altar of Makhleb.
     2 | D        | Found an opulent altar of Gozag.
    39 | D        | Reached skill level 7 in Spellcasting
    39 | D        | Reached skill level 5 in Fire Magic
    39 | D        | Reached XP level 2. HP: 15/15 MP: 6/12
    66 | D        | Became a worshipper of Vehumet
    73 | D        | Learned a level 2 spell: Throw Flame
   128 | D        | Entered arena 1.
   128 | D        | Noticed a crimson imp
   135 | D        | Killed a crimson imp
   135 | D        | Reached skill level 1 in Fighting
   135 | D        | Reached skill level 1 in Staves
   135 | D        | Reached skill level 1 in Armour
   135 | D        | Reached skill level 8 in Spellcasting
   135 | D        | Reached XP level 3. HP: 16/20 MP: 14/14
   140 | D        | Learned a level 3 spell: Conjure Flame
   144 | D        | Learned a level 3 spell: Inner Flame
   209 | D        | Entered arena 2.
   209 | D        | Noticed a hell hound
   209 | D        | Noticed a hell hound
   211 | D        | Reached * piety under Vehumet
   211 | D        | Offered knowledge of Sting by Vehumet.
   211 | D        | Reached XP level 4. HP: 25/25 MP: 16/16
   212 | D        | Killed a hell hound
   212 | D        | Reached skill level 9 in Spellcasting
   212 | D        | Reached skill level 5 in Conjurations
   212 | D        | Reached XP level 5. HP: 31/31 MP: 19/19
   213 | D        | Killed a hell hound
   213 | D        | Reached ** piety under Vehumet
   213 | D        | Reached skill level 5 in Dodging
   213 | D        | Reached skill level 10 in Spellcasting
   213 | D        | Reached XP level 6. HP: 22/37 MP: 21/21
   219 | D        | Learned a level 4 spell: Sticky Flame
   225 | D        | Learned a level 5 spell: Fireball
   235 | D        | Learned a level 1 spell: Sting
   333 | D        | Entered arena 3.
   333 | D        | Noticed a yak
   334 | D        | Offered knowledge of Sandblast by Vehumet.
   334 | D        | Reached skill level 1 in Poison Magic
   334 | D        | Reached skill level 11 in Spellcasting
   335 | D        | Killed a yak
   335 | D        | Reached *** piety under Vehumet
   335 | D        | Reached XP level 7. HP: 36/42 MP: 22/23
   348 | D        | Identified the Volume of Air (You found it in the Dungeon)
   348 | D        | Identified the Volume of Air (You found it in the Dungeon)
   353 | D        | Learned a level 4 spell: Airstrike
   409 | D        | Entered arena 4.
   410 | D        | Reached skill level 1 in Air Magic
   411 | D        | Reached **** piety under Vehumet
   452 | D        | Entered arena 5.
   452 | D        | Noticed a polar bear
   452 | D        | Noticed a polar bear
   453 | D        | Reached skill level 5 in Staves
   453 | D        | Reached skill level 12 in Spellcasting
   455 | D        | Killed a polar bear
   455 | D        | Reached XP level 8. HP: 37/48 MP: 20/26
   455 | D        | Killed a polar bear
   455 | D        | Reached ***** piety under Vehumet
   554 | D        | Entered arena 6.
   554 | D        | Noticed a merfolk
   554 | D        | Noticed a merfolk
   554 | D        | Noticed a merfolk
   554 | D        | Noticed a cyclops
   554 | D        | Noticed a merfolk
   555 | D        | Offered knowledge of Throw Frost by Vehumet.
   556 | D        | Killed a cyclops
   556 | D        | Reached skill level 5 in Fighting
   556 | D        | Reached skill level 5 in Armour
   556 | D        | Reached skill level 13 in Spellcasting
   556 | D        | Killed a merfolk
   556 | D        | Reached skill level 5 in Poison Magic
   557 | D        | Killed a merfolk
   557 | D        | Reached XP level 9. HP: 39/54 MP: 27/28
   557 | D        | Killed a merfolk
   563 | D        | Killed a merfolk
   580 | D        | Got the ring of Icumm {rElec rN+}
   778 | D        | Entered arena 7.
   780 | D        | Offered knowledge of Ignite Poison by Vehumet.
   782 | D        | Reached ****** piety under Vehumet
   782 | D        | Reached skill level 14 in Spellcasting
   801 | D        | Learned a level 3 spell: Ignite Poison
   852 | D        | Entered arena 8.
   852 | D        | Noticed Hoacuf the pandemonium lord
   852 | D        | Noticed a sixfirhy
   852 | D        | Noticed Jutammoepu the pandemonium lord
   852 | D        | Noticed a red devil
   853 | D        | Offered knowledge of Static Discharge by Vehumet.
   854 | D        | Noticed a freezing wraith
   857 | D        | HP: 1/54 [Jutammoepu the pandemonium lord (7)]
   857 | D        | Slain by Jutammoepu the pandemonium lord

Vault maps used:
D:        sprint_v

Skill      XL: |  1  2  3  4  5  6  7  8  9 |
---------------+----------------------------+-----
Spellcasting   | 7 8 9 10 11 12 13 14 | 14.1
Conjurations   | 3 4 5 6 7 8 |  8.6
Fire Magic     | 5 6 7 8 9 |  9.4
Fighting       | 1 2 3 4 5 |  5.6
Staves         | 1 3 4 5 6 |  6.8
Armour         | 1 2 3 4 5 |  5.7
Dodging        | 3 4 5 6 7 8 |  8.7
Poison Magic   | 2 3 5 6 |  6.0
Air Magic      | 2 4 |  4.9
Stealth        | |  2.4

Action                   |  1- 3 |  4- 6 |  7- 9 || total
-------------------------+-------+-------+-------++-------
Melee: Quarterstaff      |     3 |       |       ||     3
 Cast: Flame Tongue      |     2 |       |     8 ||    10
       Fireball          |       |     1 |    10 ||    11
       Sticky Flame      |       |       |     1 ||     1
       Airstrike         |       |       |     1 ||     1
Evoke: Wand              |     1 |     3 |     2 ||     6
  Use: Potion            |     1 |       |     2 ||     3
 Stab: Sleeping          |     1 |       |       ||     1
  Eat: Fruit             |     8 |       |       ||     8
Armor: Robe              |     1 |       |       ||     1
Dodge: Dodged            |     1 |       |     9 ||    10
